 Dungeon Crawl Stone Soup version 0.26-a0-1222-g14533b3512 (webtiles) character file.

Game seed: 14890256973039921422

8180 inmateoo the Martial Artist (level 11, -2/58 HPs)
             Began as a Vine Stalker Monk on Jan 1, 2021.
             Was the Champion of Cheibriados.
             Succumbed to Sonja's poison
             ... on level 10 of the Dungeon.
             The game lasted 00:10:10 (8376 turns).

inmateoo the Martial Artist (Vine Stalker Monk)     Turns: 8376, Time: 00:10:11

Health: -2/58      AC: 13    Str: 31    XL:     11   Next: 26%
Magic:  16/16      EV: 13    Int: 25    God:    Cheibriados [******]
Gold:   665        SH:  6    Dex: 35    Spells: 10/10 levels left

rFire    + + .     SeeInvis .     - Unarmed
rCold    + . .     Faith    .   v - +0 buckler
rNeg     . . .     Spirit   +   k - +0 plate armour
rPois    +         Reflect  .   (helmet restricted)
rElec    +         Harm     .   (no cloak)
rCorr    +         Rampage  .   G - +0 pair of gloves
Will     ++...                  (no boots)
Stlth    ..........             (no amulet)
HPRegen  0.59/turn              x - ring of protection from fire
MPRegen  0.15/turn              n - +4 ring of slaying

@: lethally poisoned (-2 -> -72), resistant, very slow
A: fangs 3, horns 1, agile 1, strong-willed 1, regeneration 1, electricity
resistance, magic shield, antimagic bite, no potion heal 3
a: Renounce Religion, Bend Time, Temporal Distortion, Slouch, Step From Time


You were on level 10 of the Dungeon.
You worshipped Cheibriados.
Cheibriados was exalted by your worship.
You visited 2 branches of the dungeon, and saw 11 of its levels.
You also visited: Sewer.

You collected 665 gold pieces.

Inventory:

Missiles
 w - 2 boomerangs of dispersal (quivered)
Armour
 g - a +1 helmet of see invisible
 k - a +0 plate armour (worn)
 v - a +0 buckler (worn)
 D - a +1 hat
 G - a +0 pair of gloves (worn)
Jewellery
 a - an uncursed amulet of reflection {unknown}
 i - a cursed ring of teleportation {unknown}
 j - an uncursed ring of flight
 m - an uncursed ring of magical power
 n - a +4 ring of slaying (right hand)
 p - an uncursed ring of resist corrosion
 u - an uncursed ring of fire
 x - a ring of protection from fire (left hand)
 H - an uncursed ring of magical power
 I - an uncursed ring of positive energy
 J - an uncursed ring of fire
 N - an uncursed amulet of regeneration {unknown}
 O - the brooch of Shielding {Spirit SH+8}
   (You found it on level 9 of the Dungeon)

   [amulet of guardian spirit]

   It causes incoming damage to be split between your health and magic.
   It affects your SH (+8).
Wands
 s - a wand of acid (11)
 t - a wand of digging (6)
 y - a wand of iceblast (13)
 A - a wand of paralysis (7)
Scrolls
 c - 8 scrolls of remove curse
 f - a scroll of enchant weapon
 h - 3 scrolls of magic mapping
 o - 10 scrolls of teleportation
 C - 2 scrolls of fear
 L - 3 scrolls of identify
Potions
 b - a potion of brilliance {unknown}
 d - a potion of ambrosia {unknown}
 e - 4 potions of might
 l - 2 potions of flight
 r - a potion of mutation
 B - 2 potions of invisibility
 E - a potion of attraction
 K - a potion of heal wounds
 M - a potion of lignification


   Skills:
 + Level 7.1 Fighting
 + Level 5.9 Armour
 + Level 6.4 Dodging
 - Level 2.4 Stealth
 * Level 10.6 Unarmed Combat
 + Level 6.0 Invocations


You had 10 spell levels left.
You didn't know any spells.
Your spell library contained the following spells:

 Spells                   Type           Power        Failure   Level
 Animate Skeleton         Necr           0%           89%         1
 Apportation              Tloc           0%           89%         1
 Corona                   Hex            0%           89%         1
 Magic Dart               Conj           0%           89%         1
 Summon Small Mammal      Summ           0%           89%         1
 Blink                    Tloc           N/A          96%         2
 Call Imp                 Summ           0%           96%         2
 Ensorcelled Hibernation  Hex/Ice        0%           96%         2
 Slow                     Hex            0%           96%         2
 Confusing Touch          Hex            0%           99%         3
 Conjure Flame            Conj/Fire      0%           99%         3
 Dazzling Flash           Conj/Hex       0%           99%         3
 Mephitic Cloud           Conj/Pois/Air  0%           99%         3
 Tukima's Dance           Hex            0%           99%         3


Dungeon Overview and Level Annotations

Branches:
Dungeon (10/15)            Temple (1/1) D:4           Sewer (visited)
   Lair: D:8-11         Orc: D:9-12

Altars:
Ashenzari
Cheibriados
Dithmenos
Elyvilon
Fedhas
Hepliaklqana
Makhleb
Nemelex Xobeh
Okawaru
Qazlal
Trog
Uskayaw
Vehumet
Wu Jian
Xom
Yredelemnul
Zin
The Shining One

Shops:
D:5 }


Innate Abilities, Weirdness & Mutations

You have razor-sharp teeth.
Your natural rate of healing is unusually fast.
When hurt, damage is shared between your health and your magic reserves.
Your bite disrupts and absorbs the magic of your enemies.
Potions cannot restore your health.
You have a pair of small horns on your head.
You are agile. (Dex +2)
You are strong-willed. (Will+)
You are resistant to electric shocks. (rElec)


Message History

You feel less wooden.
Your +1 helmet of see invisible unmelds from your body.
Your +0 pair of gloves unmelds from your body.
Your +0 plate armour unmelds from your body.
You feel perceptive.
* * * LOW HITPOINT WARNING * * *
You feel very sick.
It was a potion of mutation.
You feel extremely strange.
You feel agile.
You feel strong-willed.
You feel insulated. A pair of horns grows on your head!
Your +1 helmet of see invisible falls away!
You feel less perceptive.
* * * LOW HITPOINT WARNING * * *
You feel very sick.
It was a potion of magic.
Magic courses through your body.
* * * LOW HITPOINT WARNING * * *
You feel very sick.
It was a potion of resistance.
You feel protected.
You die...

########..
#.(...K...
##)######..
####..@##
####.....#.#
........#.##
.........##
###.#..##
##.#..#######
#............
#
#..#..#######
#. #..#..#


There were no monsters in sight!

Vanquished Creatures
  A two-headed ogre (D:9)
  Sonja (D:10)
  Pikel (D:9)
  Maggie (D:10)
  8 yaks
  Menkaure (D:4)
  A water moccasin (D:6)
  Duvessa (D:6)
  3 ice beasts
  A black bear (D:9)
  4 orc warriors
  2 sky beasts
  3 ogres
  2 phantoms
  3 centaurs
  3 big kobolds
  2 lemures (D:9)
  7 bullfrogs
  A gnoll sergeant (D:9)
  Dowan (D:6)
  A water moccasin skeleton (D:8)
  4 killer bees (D:8)
  13 wights
  A quasit (D:9)
  A bullfrog zombie (D:10)
  2 jellies
  A hound (D:5)
  6 orc priests
  9 orc wizards
  2 bullfrog skeletons
  A centaur skeleton (D:7)
  2 iguanas
  12 worker ants
  A killer bee zombie (D:9)
  2 hound zombies
  A hound skeleton (D:4)
  A howler monkey zombie (D:8)
  14 gnolls
  13 adders
  A shadow imp (D:6)
  5 white imps
  2 ufetubi
  3 oozes (Sewer)
  10 worms
  6 leopard geckos
  31 orcs
  6 giant cockroaches
  26 goblins
  17 hobgoblins
  4 jackals (Sewer)
  6 quokkas
  3 ball pythons
  11 bats
  6 frilled lizards
  A giant cockroach zombie (D:6)
  28 kobolds
  5 rats
305 creatures vanquished.

Vanquished Creatures (others)
  7 fungi (D:6)
  3 plants (D:10)
10 creatures vanquished.

Grand Total: 315 creatures vanquished

Notes
Turn   | Place    | Note
-------+----------+-------------------------------------------
     0 | D:1      | inmateoo the Vine Stalker Monk began the quest for the Orb.
     0 | D:1      | Reached XP level 1. HP: 11/11 MP: 2/2
   341 | D:1      | Reached XP level 2. HP: 16/16 MP: 3/3
  1374 | D:1      | Reached XP level 3. HP: 6/19 MP: 4/4
  1997 | D:2      | Reached skill level 1 in Armour
  2020 | D:2      | Found a white marble altar of Elyvilon.
  2020 | D:2      | Found a glowing silver altar of Zin.
  2020 | D:2      | Found a glowing golden altar of the Shining One.
  2086 | D:2      | Gained mutation: Your natural rate of healing is unusually
                  | fast. [Vine Stalker growth]
  2086 | D:2      | Reached XP level 4. HP: 21/24 MP: 5/5
  2669 | D:3      | Found a faded altar of an unknown god.
  2693 | D:3      | Reached skill level 4 in Unarmed Combat
  2882 | D:3      | Found an iron altar of Okawaru.
  2892 | D:3      | Found a stormy altar of Qazlal.
  2892 | D:3      | Found a hazy altar of Hepliaklqana.
  2952 | D:3      | Found a sparkling altar of Nemelex Xobeh.
  2972 | D:3      | Reached XP level 5. HP: 28/28 MP: 6/6
  3087 | D:3      | Noticed an air elemental
  3088 | D:3      | Found a stormy altar of Qazlal.
  3089 | D:3      | Noticed a water elemental
  3089 | D:3      | Noticed a fire elemental
  3115 | D:3      | Found a sparkling altar of Nemelex Xobeh.
  3419 | D:4      | Noticed a phantom
  3448 | D:4      | Killed a phantom
  3449 | D:4      | Reached XP level 6. HP: 29/32 MP: 7/7
  3495 | D:4      | Found a staircase to the Ecumenical Temple.
  3521 | Temple   | Entered the Ecumenical Temple
  3556 | Temple   | Became a worshipper of Cheibriados the Contemplative
  3556 | Temple   | Reached * piety under Cheibriados
  3556 | Temple   | Reached ** piety under Cheibriados
  3680 | D:4      | Found a shadowy altar of Dithmenos.
  3680 | D:4      | Found a bloodstained altar of Trog.
  3726 | D:4      | Noticed Menkaure
  3731 | D:4      | Killed Menkaure
  3732 | D:4      | Reached skill level 5 in Unarmed Combat
  3940 | D:4      | Reached XP level 7. HP: 37/37 MP: 8/8
  4008 | D:5      | Entered Level 5 of the Dungeon
  4010 | D:5      | Found Gysutef's Gadget Shop.
  4317 | D:5      | Reached *** piety under Cheibriados
  4844 | D:6      | Reached skill level 6 in Unarmed Combat
  4847 | D:6      | Reached skill level 1 in Invocations
  4847 | D:6      | Gained mutation: You have razor-sharp teeth. [Vine Stalker
                  | growth]
  4847 | D:6      | Reached XP level 8. HP: 35/42 MP: 9/9
  4849 | D:6      | Reached **** piety under Cheibriados
  4939 | D:6      | Noticed Dowan
  4941 | D:6      | Noticed Duvessa
  4947 | D:6      | Killed Dowan
  4953 | D:6      | Killed Duvessa
  4954 | D:6      | Reached skill level 7 in Unarmed Combat
  5053 | D:6      | Reached skill level 5 in Fighting
  5128 | D:6      | Reached XP level 9. HP: 47/47 MP: 12/12
  5190 | D:6      | Found a glowing drain.
  5198 | Sewer    | Entered a sewer
  5465 | Sewer    | Reached ***** piety under Cheibriados
  5837 | D:6      | Found a blossoming altar of Fedhas.
  5887 | D:6      | Found a basalt altar of Yredelemnul.
  6156 | D:7      | Reached skill level 8 in Unarmed Combat
  6259 | D:7      | Reached skill level 5 in Dodging
  6493 | D:7      | Found a radiant altar of Vehumet.
  6913 | D:8      | Reached XP level 10. HP: 53/53 MP: 14/14
  6962 | D:8      | Reached skill level 9 in Unarmed Combat
  7113 | D:8      | Reached ****** piety under Cheibriados
  7484 | D:9      | Reached skill level 5 in Armour
  7504 | D:9      | Found a shimmering altar of Xom.
  7663 | D:9      | Reached skill level 5 in Invocations
  7769 | D:9      | Noticed Pikel
  7771 | D:9      | Found a radiant altar of Vehumet.
  7781 | D:9      | Killed Pikel
  7844 | D:9      | Found the brooch of Shielding {Spirit SH+8}
  7892 | D:9      | Reached skill level 10 in Unarmed Combat
  8075 | D:9      | Noticed a two-headed ogre
  8079 | D:9      | Killed a two-headed ogre
  8080 | D:9      | Reached XP level 11. HP: 38/58 MP: 10/16
  8294 | D:10     | Entered Level 10 of the Dungeon
  8303 | D:10     | Noticed Maggie
  8321 | D:10     | Killed Maggie
  8359 | D:10     | Noticed Sonja
  8371 | D:10     | Killed Sonja
  8374 | D:10     | Gained mutation: You are agile. (Dex +2) [potion of
                  | mutation]
  8374 | D:10     | Gained mutation: You are strong-willed. (Will+) [potion of
                  | mutation]
  8374 | D:10     | Gained mutation: You are resistant to electric shocks.
                  | (rElec) [potion of mutation]
  8374 | D:10     | Gained mutation: You have a pair of small horns on your
                  | head. [potion of mutation]
  8375 | D:10     | HP: 2/58 [poisoned by Sonja]
  8376 | D:10     | Succumbed to Sonja's poison

Illustrated notes

Levels and vault maps discovered:
D:1:      wheals_arrival_shading, layout_basic
D:2:      layout_loops_ring, good_gods_mini_temple, minmay_pentomino_z4
D:3:      layout_loops_ring, chequers_temple_overflow_statue_of_worship,
          nemelex_xobeh_ov_fountains_minmay, chequers_ecumenical_altar_grove,
          roderic_lattice_a, kennysheep_flooded_box,
          nicolae_qazlal_style_of_elements
D:4:      layout_rooms, gammafunk_temple_overflow_elements,
          minmay_temple_entry_glass, uniq_menkaure
D:5:      corexii_shantytown, layout_rooms, serial_shops, shop,
          serial_corexii_hall, corexii_hall_statues_s,
          chequers_hall_statues_wall_a, corexii_checkpoint_b
D:6:      kennysheep_spiral_hall, layout_loops_ring, general_overflow_altar,
          lightli_sewer_entry_pipes, serial_aquarium,
          aquarium_bridge_long_joined [aquarium_subvault_wall,
          aquarium_subvault_wall, aquarium_subvault_wall,
          aquarium_subvault_bridge, aquarium_subvault_wall,
          aquarium_subvault_bridge], aquarium_window_fake, aquarium_window_2,
          aquarium_view_2a, aquarium_view_2g, chequers_serial_rivers_large_a,
          minmay_misc_feat_nine_boxes, dk_noncrumbling_4, fedhas_altar_2,
          uniq_duvessa
D:7:      layout_gridville, basic_altar
D:8:      layout_basic
D:9:      layout_loops_corners, tgw_xom, vehumet_crystals, uniq_pikel
D:10:     layout_loops_ring, dpeg_oklobed_lair, hangedman_pestilent_swarm,
          minmay_misc_feat_room, serial_bayou_ford_a, uniq_maggie, uniq_sonja
Temple:   cyrus_temple_forest

Skill      XL: |  1  2  3  4  5  6  7  8  9 10 11 |
---------------+----------------------------------+-----
Fighting       | 3 4 5 6 7 |  7.1
Armour         | 1 2 3 4 5 |  5.9
Unarmed Combat | 4 5 6 7 8 10 | 10.6
Dodging        | 3 4 5 6 |  6.4
Invocations    | 1 2 4 5 6 |  6.0
Stealth        | |  2.4

Action                   |  1- 3 |  4- 6 |  7- 9 | 10-12 || total
-------------------------+-------+-------+-------+-------++-------
Melee: Unarmed           |   114 |   119 |   328 |   176 ||   737
       Bite              |    30 |    36 |   161 |   100 ||   327
       Punch             |     2 |     3 |     1 |       ||     6
  Use: Scroll            |     3 |     9 |     7 |       ||    19
       Potion            |       |       |     1 |     6 ||     7
 Stab: Sleeping          |     2 |       |       |       ||     2
Armor: Plate armour      |    47 |    54 |   179 |   100 ||   380
       Leather armour    |     1 |       |       |       ||     1
       Skin              |       |       |       |     1 ||     1
Dodge: Dodged            |    41 |    29 |   147 |   124 ||   341
Block: Buckler           |       |       |    69 |    54 ||   123

Table legend: (Time is in decaauts)
 A = Elapsed time spent in this place.
 B = Non-inter-level travel time spent in this place.
 C = Inter-level travel time spent in this place.
 D = Time resting spent in this place.
 E = Time spent auto-exploring this place.
 F = Levels seen in this place.
 G = Mean time per level.
                   A        B        C        D        E       F      G
               +--------+--------+--------+--------+--------+-----+--------+
         Total |  11744 |  11174 |    570 |    759 |   8290 |  12 |  978.7 |
       Dungeon |  10968 |  10438 |    530 |    759 |   7810 |  10 | 1096.8 |
        Temple |     75 |     35 |     40 |      0 |     32 |   1 |   75.0 |
         Sewer |    700 |    700 |      0 |      0 |    448 |   1 |  700.0 |
               +--------+--------+--------+--------+--------+-----+--------+

Top non-repeatable levels by time:
     D:1: 1957 daAuts
     D:9: 1614 daAuts
     D:6: 1595 daAuts
     D:5: 1224 daAuts
     D:8: 1184 daAuts
     D:7: 1124 daAuts
     D:3: 811 daAuts
   Sewer: 700 daAuts
     D:4: 696 daAuts
     D:2: 636 daAuts
    D:10: 123 daAuts
  Temple: 75 daAuts
